 Dungeon Crawl Stone Soup version 0.17.1-1-g73c8601 (webtiles) character file.

13869 PossumBlood the Warrior (level 11, -5/112 HPs)
             Began as a Minotaur Fighter on Dec 19, 2015.
             Was a High Priest of Okawaru.
             Killed by nerve-wracking pain
             ... invoked by an orc priest
              (10 damage)
             ... on level 2 of the Orcish Mines.
             The game lasted 00:40:28 (13624 turns).

PossumBlood the Warrior (Minotaur Fighter)         Turns: 13624, Time: 00:40:28

Health: -5/112     AC: 31    Str: 22 (25) XL:     11   Next: 81%
Magic:  10/10      EV:  1    Int:  5      God:    Okawaru [*****.]
Gold:   782        SH:  8    Dex: 11      Spells: 0 memorised, 10 levels left

rFire  + . .     SeeInvis +     a - +1 long sword
rCold  . . .     Clarity  .     i - +4 crystal plate armour
rNeg   . . .     SustAt   .     c - +0 shield
rPois  +         Gourm    .     H - +0 hat
rElec  .         Spirit   .     q - +1 cloak
rCorr  .         Warding  .     r - +2 pair of gloves "Api Sabb" {rF+ Str+2}
rMut   .         Stasis   .     M - +2 pair of boots
MR     .....                    b - amulet of faith
Stlth  ..........               s - ring of poison resistance
                                h - ring of see invisible

@: about to teleport, heavily drained, not resistant to hostile enchantments,
extremely unstealthy
A: retaliatory headbutt, horns 2
a: Heroism, Finesse, Renounce Religion


You were on level 2 of the Orcish Mines.
You worshipped Okawaru.
Okawaru was extremely pleased with you.
You were not hungry.

You visited 3 branches of the dungeon, and saw 14 of its levels.

You collected 782 gold pieces.

Inventory:

Hand Weapons
 a - a +1 long sword (weapon)
 w - a +0 scimitar
 z - a +2 dire flail of venom
 N - a +1 battleaxe of chopping
Missiles
 u - 2 silver tomahawks (quivered)
 C - 36 tomahawks
 G - 2 poisoned tomahawks
Armour
 c - a +0 shield (worn)
 i - a +4 crystal plate armour (worn)
 p - a +2 pair of gloves
 q - a +1 cloak (worn)
 r - the +2 pair of gloves "Api Sabb" (worn) {rF+ Str+2}
   (Okawaru gifted it to you on level 1 of the Orcish Mines)

   It affects your strength (+2).
   It protects you from fire.
 H - a +0 hat (worn)
 M - a +2 pair of boots (worn)
Magical Staves
 v - an uncursed staff of poison
 E - an uncursed staff of conjuration
 O - an uncursed staff of fire {unknown}
Jewellery
 b - an amulet of faith (around neck)
 h - a ring of see invisible (left hand)
 m - a +3 ring of evasion
 s - a ring of poison resistance (right hand)
 I - an uncursed amulet of rage
Wands
 j - a wand of polymorph (9)
 x - a wand of fire (5)
 L - a wand of digging (8)
Scrolls
 e - 3 scrolls of magic mapping
 g - 5 scrolls of remove curse
 y - a scroll of teleportation
 A - a scroll of amnesia
 B - 3 scrolls of silence
 F - a scroll of recharging
Potions
 d - 2 potions of might
 n - 2 potions of invisibility
 o - a potion of cure mutation
 D - a potion of berserk rage
 J - 2 potions of brilliance
Books
 k - a book of the Warp

   Spells                             Type                      Level
   a - Recall                         Summoning/Translocation      3
   b - Gell's Gravitas                Hexes/Translocation          3
   c - Force Lance                    Conjuration/Translocation    4
   d - Phase Shift                    Translocation                5
   e - Warp Weapon                    Charms/Translocation         5
   f - Summon Forest                  Summoning/Translocation      5
Miscellaneous
 K - a sack of spiders
Comestibles
 l - 3 meat rations


   Skills:
 - Level 15.0(12.3) Fighting
 - Level 14.0(11.3) Long Blades
 * Level 9.8(7.4) Armour
 - Level 3.6(1.6) Shields


You had 10 spell levels left.
You didn't know any spells.

Dungeon Overview and Level Annotations

Branches:
Dungeon (11/15)            Temple (1/1) D:6            Lair (0/8) D:8
    Orc (2/4) D:11

Altars:
Ashenzari
Cheibriados
Dithmenos
Elyvilon
Fedhas
Gozag
Kikubaaqudgha
Makhleb
Nemelex Xobeh
Okawaru
Qazlal
Ru
Sif Muna
Trog
Vehumet
Xom
Yredelemnul
Zin
The Shining One

Shops:
D:9 (

Annotations:
Orc:2 Urug


Innate Abilities, Weirdness & Mutations

You reflexively headbutt those who attack you in melee.
You have a pair of horns on your head.


Message History

You headbutt the orc sorcerer, but do no damage.
The orc sorcerer is heavily wounded.
Your surroundings suddenly seem different.
An orc comes into view. It is wielding a dagger.
The orc shouts!
An orc comes into view. It is wielding a dagger.
The orc shouts!
An orc wizard comes into view. It is wielding a dagger.
The orc wizard shouts!
An orc priest comes into view.
The orc priest shouts!
The orc priest hits you but does no damage.
Found 54 gold pieces.
Found a stone staircase leading up.
An orc priest comes into view.
Read which item? (? for menu, Esc to quit)
As you read the scroll of teleportation, it crumbles to dust.
You feel strangely unstable.
The orc priest calls down the wrath of Beogh upon you.
Pain shoots through your body!
You die...

## ## ##.#
#.## #...##
...#
...#..##...#
..........##
#..........#
#$....@o.#
##....oo.#
#......$.#
##........#
.....$oo.##
...........
..........<#
..........##


You could see 2 orc priests, an orc wizard and 2 orcs.

Vanquished Creatures
  Josephine (D:11)
  A hill giant (D:11)
  An orc knight (Orc:1)
  An ugly thing (D:11)
  An orc sorcerer (Orc:1)
  A gargoyle (D:11)
  A troll (D:9)
  Grinder (D:6)
  A fire drake (D:8)
  Sigmund (D:4)
  2 humans (D:7)
  4 wraiths (D:11)
  Grum (D:9)
  5 yaks (D:9)
  A hungry ghost (D:10)
  A wyvern (D:10)
  A mottled dragon (D:11)
  3 hippogriffs
  4 wolves (D:9)
  Edmund (D:6)
  3 sky beasts
  2 water moccasins
  9 orc warriors
  7 ogres
  An ice beast (D:9)
  2 eyes of draining
  A crocodile (D:8)
  10 centaurs
  2 phantoms
  Blork the orc (D:6)
  A gnoll sergeant (D:11)
  9 giant frogs
  18 killer bees
  7 scorpions
  6 crimson imps
  3 giant frog zombies
  3 jellies
  12 orc priests
  6 hounds
  Ijyb (D:2)
  12 orc wizards
  Jessica (D:2)
  6 giant frog skeletons
  An iguana (D:11)
  5 worker ants
  2 killer bee zombies
  A hound zombie (D:7)
  A hound skeleton (D:9)
  10 gnolls
  2 worker ant zombies
  2 shadow imps
  13 adders
  An adder skeleton (D:8)
  3 worms
  4 giant geckos
  76 orcs
  8 bats
  5 giant cockroaches
  6 goblins
  6 hobgoblins
  6 giant newts
  8 jackals
  A jackal skeleton (D:6)
  15 kobolds
  7 quokkas
  A quokka zombie (D:7)
  8 rats
348 creatures vanquished.

Vanquished Creatures (others)
  4 orcs
4 creatures vanquished.

Grand Total: 352 creatures vanquished

Notes
Turn   | Place    | Note
--------------------------------------------------------------
     0 | D:1      | PossumBlood the Minotaur Fighter began the quest for the Orb.
     0 | D:1      | Reached XP level 1. HP: 19/19 MP: 0/0
   202 | D:1      | Reached XP level 2. HP: 26/26 MP: 1/1
   722 | D:2      | Reached skill level 4 in Long Blades
   775 | D:2      | Reached XP level 3. HP: 31/31 MP: 2/2
   918 | D:2      | Noticed Jessica
   928 | D:2      | Killed Jessica
   928 | D:2      | Reached skill level 5 in Long Blades
   999 | D:2      | Reached XP level 4. HP: 39/39 MP: 3/3
  1096 | D:2      | Found a glowing golden altar of the Shining One.
  1240 | D:2      | Noticed Ijyb
  1264 | D:2      | Killed Ijyb
  1402 | D:3      | Reached skill level 6 in Long Blades
  1734 | D:3      | Reached XP level 5. HP: 19/45 MP: 4/4
  2474 | D:4      | Reached skill level 7 in Long Blades
  2599 | D:4      | Reached XP level 6. HP: 51/51 MP: 5/5
  2660 | D:4      | Noticed Sigmund
  2673 | D:4      | Killed Sigmund
  2673 | D:4      | Reached skill level 8 in Long Blades
  2677 | D:4      | Reached skill level 9 in Long Blades
  2786 | D:4      | Reached XP level 7. HP: 57/57 MP: 6/6
  3225 | D:5      | Entered Level 5 of the Dungeon
  3393 | D:5      | Reached skill level 10 in Long Blades
  3553 | D:5      | Found a glowing silver altar of Zin.
  3606 | D:5      | Reached skill level 11 in Long Blades
  3736 | D:6      | Noticed Blork the orc
  3749 | D:6      | Killed Blork the orc
  3749 | D:6      | Reached XP level 8. HP: 64/64 MP: 7/7
  3810 | D:6      | Found a staircase to the Ecumenical Temple.
  3819 | Temple   | Entered the Ecumenical Temple
  3829 | Temple   | Became a worshipper of Warmaster Okawaru
  4103 | D:6      | Noticed Grinder
  4106 | D:6      | Paralysed by Grinder for 3 turns
  4113 | D:6      | Killed Grinder
  4113 | D:6      | Reached * piety under Okawaru
  4241 | D:6      | Found a white marble altar of Elyvilon.
  4252 | D:6      | Reached skill level 12 in Long Blades
  4530 | D:6      | Noticed Edmund
  4546 | D:6      | Killed Edmund
  4546 | D:6      | Reached ** piety under Okawaru
  4546 | D:6      | Reached skill level 13 in Long Blades
  4585 | D:6      | HP: 3/64 [poisoned by Edmund]
  4593 | D:6      | HP: 3/64 [poisoned by Edmund]
  5316 | D:6      | Reached XP level 9. HP: 65/70 MP: 8/8
  5435 | D:7      | Found a shadowy altar of Dithmenos.
  5437 | D:7      | Reached skill level 14 in Long Blades
  5470 | D:7      | Reached *** piety under Okawaru
  5482 | D:7      | Reached skill level 5 in Fighting
  5592 | D:7      | Found an iron altar of Okawaru.
  5964 | D:7      | Found a snail-covered altar of Cheibriados.
  5965 | D:7      | Found a deep blue altar of Sif Muna.
  6243 | D:7      | Found a shimmering altar of Xom.
  6830 | D:8      | Reached **** piety under Okawaru
  7049 | D:8      | Found a bloodstained altar of Trog.
  7250 | D:8      | Found a staircase to the Lair.
  7251 | D:8      | Noticed a fire drake
  7262 | D:8      | Killed a fire drake
  7262 | D:8      | Reached skill level 10 in Fighting
  7262 | D:8      | Reached XP level 10. HP: 64/93 MP: 9/9
  9143 | D:9      | Noticed Grum
  9166 | D:9      | Reached ***** piety under Okawaru
  9195 | D:9      | Killed Grum
  9535 | D:9      | Found Zetsu's Weapon Boutique.
  9742 | D:9      | Received a gift from Okawaru
 10018 | D:10     | Entered Level 10 of the Dungeon
 10352 | D:10     | Reached XP level 11. HP: 100/110 MP: 8/10
 10594 | D:10     | Noticed Gastronok
 11018 | D:11     | Found a snail-covered altar of Cheibriados.
 11041 | D:11     | Found a staircase to the Orcish Mines.
 11041 | D:11     | Noticed a hill giant
 11050 | D:11     | Killed a hill giant
 11084 | D:11     | Reached skill level 15 in Fighting
 11329 | D:11     | Reached skill level 5 in Armour
 11372 | D:11     | Noticed Josephine
 11403 | D:11     | Killed Josephine
 12283 | Orc:1    | Entered Level 1 of the Orcish Mines
 12358 | Orc:1    | HP: 2/112 [orc/trident (5)]
 13088 | Orc:1    | Received a gift from Okawaru
 13093 | Orc:1    | Got a pair of steaming gloves {god gift}
 13141 | Orc:1    | Identified the +2 pair of gloves "Api Sabb" {rF+ Str+2} (Okawaru gifted it to you on level 1 of the Orcish Mines)
 13555 | Orc:2    | Paralysed by an orc sorcerer for 3 turns
 13562 | Orc:2    | Noticed Urug
 13567 | Orc:2    | Paralysed by an orc sorcerer for 7 turns
 13611 | Orc:2    | Paralysed by an orc sorcerer for 7 turns
 13614 | Orc:2    | HP: 3/112 [orc sorcerer/bolt of negative energy (14)]
 13624 | Orc:2    | Killed from afar by an orc priest

Action                   |  1- 3 |  4- 6 |  7- 9 | 10-12 || total
-------------------------+-------+-------+-------+-------++-------
Melee: Long sword        |   106 |   160 |   419 |   800 ||  1485
Invok: Heroism           |       |       |       |     1 ||     1
  Use: Scroll            |       |     6 |    10 |    13 ||    29
       Potion            |       |       |       |    14 ||    14
  Eat: Bread ration      |       |     2 |     2 |     2 ||     6
       Fruit             |       |       |     4 |     5 ||     9
       Meat ration       |       |       |       |     2 ||     2
       Beef jerky        |       |       |       |     1 ||     1
